[Event "*** SCC Grand Prix: Titled Tuesday Blitz"]
[Site "Chess.com"]
[Date "2020.10.06"]
[Round "1"]
[White "Ural_bogatyr"]
[Black "VitaliyBernadskiy"]
[Result "0-1"]
[WhiteElo "2377"]
[BlackElo "2729"]
[TimeControl "180+1"]
[EndTime "10:07:29 PDT"]
[Termination "VitaliyBernadskiy won on time"]

1. e4 e5 2. Nf3 Nc6 3. Bb5 a6 4. Bxc6 dxc6 5. O-O Bd6 6. d4 exd4 7. Qxd4 f6 8. Re1 Qe7 9. Nc3 Be6 10. e5 fxe5 11. Nxe5 Nf6 12. Nc4 O-O 13. Nxd6 cxd6 14. Bf4 Rad8 15.
Rad1 Qf7 16. f3 d5 17. Na4 Bf5 18. Rd2 Qg6 19. Nc5 Nh5 20. Nxb7 Rde8 21. Rxe8 Rxe8 22. Nd6 Qe6 23. Rd1 Bxc2 24. Rc1 Rf8 25. Be5 c5 26. Qc3 d4 27. Qc4 Qxc4 28. Nxc4 d3 29. Bd6 Rd8 30. Kf2 Rxd6 31. Nxd6 d2 32. Rd1 Bxd1 33. Ke3 Bxf3 34.
Kxd2 Bxg2 35. Kc3 Bd5 36. Nf5 Nf6 0-1

[Event "*** SCC Grand Prix: Titled Tuesday Blitz"]
[Site "Chess.com"]
[Date "2020.10.06"]
[Round "1"]
[White "Vuk2000"]
[Black "c_r_e_e_p_e_r"]
[Result "1-0"]
[WhiteElo "2699"]
[BlackElo "2363"]
[TimeControl "180+1"]
[EndTime "10:07:29 PDT"]
[Termination "Vuk2000 won on time"]

1. d4 Nf6 2. Bg5 Ne4 3. Bf4 d5 4. e3 Bf5 5. f3 Nf6 6. c4 e6 7.
Nc3 Bd6 8. g4 Bg6 9. Nh3 c6 10.
Qb3 Bxf4 11. Nxf4 O-O 12. h4 dxc4 13. Qxb7 Qb6 14. Qxb6 axb6 15. Bxc4 Nbd7 16. h5 Bc2 17. Kd2 Ba4 18. b3 e5 19. Ne6 fxe6 20. Bxe6+ Kh8 21. Nxa4 exd4 22. exd4 b5 23. Nc3 Nb6 24. g5 Nfd5 25.
Nxd5 cxd5 26. Bg4 Rf4 27. Ke3 Raf8 28. Rhc1 Na8 29. Rc6 b4 30. Rac1 R4f7 31. Rc8 Nb6 32. Rxf8+ Rxf8 33. Rc6 Rb8 34. g6 hxg6 35. hxg6 Kg8 36. f4 Re8+ 37. Be6+ Rxe6+ 38. Rxe6 Nd7 39. Re8+ Nf8 40. f5 1-0

[Event "*** SCC Grand Prix: Titled Tuesday Blitz"]
[Site "Chess.com"]
[Date "2020.10.06"]
[Round "1"]
[White "KyronGriffith"]
[Black "annamaja"]
[Result "1-0"]
[WhiteElo "2561"]
[BlackElo "2249"]
[TimeControl "180+1"]
[EndTime "10:07:29 PDT"]
[Termination "KyronGriffith won by checkmate"]

1. e4 e6 2. d4 d5 3. Nd2 Nf6 4. e5 Nfd7 5. Bd3 c5 6. c3 Nc6 7. Ne2 cxd4 8. cxd4 f6 9. exf6 Qxf6 10. Nf3 h6 11.
O-O Bd6 12. Be3 O-O 13. Qd2 Rd8 14. Rac1 Nf8 15. Bf4 Bb4 16. Qe3 Bd7 17. Ne5 Be8 18.
a3 Bd6 19. Rfe1 g5 20. Bg3 Bxe5 21. Bxe5 Nxe5 22. dxe5 Qg7 23. Nd4 Rac8 24. b4 Bg6 25. Nb5 Rxc1 26. Rxc1 Bxd3 27. Qxd3 Qxe5 28. g3 a6 29. Nd4 Qg7 30. Nb3 e5 31. Nc5 Qf7 32.
Re1 Ng6 33. Nxb7 Rf8 34. Re2 e4 35. Qxa6 Ne5 36. Nd6 Qf6 37. Qb6 Nd3 38. Qc6 Qa1+ 39.
Kg2 Qe5 40. Nc8 Kg7 41. Nb6 Rf6 42. Qd7+ Kg6 43. Nxd5 Rd6 44. Ne7+ Kh5 45. Qh3# 1-0

[Event "*** SCC Grand Prix: Titled Tuesday Blitz"]
[Site "Chess.com"]
[Date "2020.10.06"]
[Round "1"]
[White "ClydeHillKid"]
[Black "verdest"]
[Result "0-1"]
[WhiteElo "2342"]
[BlackElo "2660"]
[TimeControl "180+1"]
[EndTime "10:07:33 PDT"]
[Termination "verdest won by resignation"]

1. e4 c5 2. Nf3 Nc6 3. d4 cxd4 4. Nxd4 Nf6 5. Nc3 e5 6. Ndb5 d6 7. Bg5 a6 8. Bxf6 gxf6 9. Na3 b5 10. Nd5 Bg7 11. Bd3 Ne7 12. c4 Nxd5 13. cxd5 f5 14.
exf5 e4 15. Qe2 Qa5+ 16. Kf1 O-O 17. Bxe4 Qb4 18. Rb1 Re8 19. f3 Bxf5 20. Qe1 Qxe1+ 21. Rxe1 Bxe4 22. fxe4 Bxb2 23. Nc2 Rac8 24. Re2 Rc4 25. Kf2 Rexe4 26. Rhe1 Rxe2+ 27. Rxe2 b4 28. Kf3 Be5 29. g3 a5 30. Ne3 Rc3 31. Ke4 a4 32. Ng4 f6 33.
Kf5 Kf7 34. Nxe5+ fxe5 35. Re4 b3 36. Rxa4 Rf3+ 37. Ke4 b2 38. Rb4 Rf2 39. Rb7+ Kf6 40. a4 Rxh2 41. a5 Re2+ 42. Kf3 Rd2 43. a6 Rxd5 44.
a7 Ra5 45. Rxb2 Rxa7 46. Rb6 Ke6 47. Kg4 Ra4+ 48. Kg5 e4 49. Rb8 Ke5 50. Re8+ Kd4 51. Kf4 d5 52. Re7 Ra1 53. Rxh7 Rf1+ 54. Kg4 e3 55. Re7 Kd3 56. Rd7 d4 57. Ra7 e2 58.
Ra3+ Ke4 0-1

[Event "*** SCC Grand Prix: Titled Tuesday Blitz"]
[Site "Chess.com"]
[Date "2020.10.06"]
[Round "1"]
[White "Politov_Pavel"]
[Black "bratkoo"]
[Result "0-1"]
[WhiteElo "2259"]
[BlackElo "2575"]
[TimeControl "180+1"]
[EndTime "10:07:33 PDT"]
[Termination "bratkoo won by resignation"]

1. d4 e6 2. Nc3 d5 3. Bf4 Bd6 4. Bg3 Ne7 5. Nf3 Nf5 6. e4 dxe4 7. Nxe4 Be7 8. Bf4 O-O 9. c3 b6 10. Bd3 Bb7 11. O-O Nd7 12. Qe2 Rc8 13. Rad1 Nf6 14.
Nxf6+ Bxf6 15. Ba6 Qd5 16. Bxb7 Qxb7 17. Be5 Be7 18. g4 Nd6 19. Rfe1 b5 20. Bxd6 cxd6 21. h4 b4 22. c4 b3 23. a3 Rxc4 24. Qxc4 Qxf3 25.
Qe2 Qf4 26. h5 Rc8 27. Qe4 Qg5 28. d5 e5 29. Qf5 Rc2 30. Qxg5 Bxg5 31. Rb1 g6 32. hxg6 hxg6 33. Re4 Bh4 34. Rb4 Bxf2+ 35. Kf1 Bd4 36. Rxb3 Rh2 37. Rd1 Kg7 38. Rb7 Bxb2 39. Kg1 Rh4 40. Rb4 Bd4+ 41. Kg2 Rxg4+ 42. Kf3 Rf4+ 43.
Ke2 Rf2+ 44. Ke1 Ra2 45. Ra4 Rh2 46. Kf1 Bc5 47. Ke1 f6 48. Ra6 f5 49. Kf1 f4 50.
Re1 Rf2+ 51. Kg1 f3 0-1

[Event "*** SCC Grand Prix: Titled Tuesday Blitz"]
[Site "Chess.com"]
[Date "2020.10.06"]
[Round "1"]
[White "vanyakuba"]
[Black "PattyCastillo"]
[Result "1-0"]
[WhiteElo "2492"]
[BlackElo "2007"]
[TimeControl "180+1"]
[EndTime "10:07:34 PDT"]
[Termination "vanyakuba won on time"]

1. e4 c5 2. Nc3 Nc6 3. f4 d6 4. Nf3 g6 5. Bc4 Bg7 6. O-O e6 7. f5 Nf6 8. fxe6 fxe6 9. d3 O-O 10. Kh1 h6 11. Qe1 d5 12. Bb3 a6 13. Qh4 Nd7 14. Qxd8 Rxd8 15. exd5 exd5 16. Nxd5 Kh7 17. Nc7 Rb8 18.
Ne6 Re8 19. Bf4 Nde5 20. Nxg7 Kxg7 21. Nxe5 Nxe5 22. Rae1 c4 23. Bxe5+ Rxe5 24. Rxe5 cxb3 25. Re7+ Kg8 26. axb3 Bf5 27. h3 h5 28. Kh2 Kf8 29.
Re5 Kg7 30. Kg3 Rc8 31. Rf2 Kf6 32. Rfe2 Rc6 33. h4 b6 34. Kf4 a5 35. Re8 Bg4 36.
Rf2 Kf7 37. Re5 Rf6+ 38. Ke3 Rxf2 39. Kxf2 Kf6 40. Rb5 Bd1 41. Rxb6+ Kf5 42. c4 Bc2 43. d4 Kg4 44. g3 Kf5 45. d5 Ke5 46. Re6+ Kd4 47.
d6 Bxb3 48. d7 Bxc4 49. d8=Q+ Kc5 50. Qd6+ Kb5 51. Re5+ 1-0

[Event "*** SCC Grand Prix: Titled Tuesday Blitz"]
[Site "Chess.com"]
[Date "2020.10.06"]
[Round "1"]
[White "Bastiandash"]
[Black "GelmanAlexander"]
[Result "1-0"]
[WhiteElo "2273"]
[BlackElo "2556"]
[TimeControl "180+1"]
[EndTime "10:07:35 PDT"]
[Termination "Bastiandash won by resignation"]

1. d4 Nf6 2. Nf3 c5 3. c3 b6 4. Bg5 Bb7 5. e3 d6 6. Nbd2 Nbd7 7. Bd3 h6 8. Bh4 g5 9. Bg3 Rg8 10. Qe2 a6 11. a4 h5 12. h3 g4 13. hxg4 hxg4 14. Nh4 Nh5 15. e4 Nxg3 16. fxg3 e6 17. O-O cxd4 18. cxd4 Qg5 19. Rf4 Bg7 20. Nb3 Nf6 21. Kh2 Bh8 22. Raf1 Rf8 23. a5 b5 24. Rc1 Kd7 25. e5 Nd5 26. Bxb5+ Kd8 27. Rff1 axb5 28.
Qxb5 Qe7 29. exd6 Qd7 30. Qc5 Rc8 31. Qa7 Rxc1 32. Rxc1 f5 33. Qb8+ Bc8 34. Nc5 Qc6 35. Nxe6+ Kd7 36. Rxc6 Kxc6 37. Nc7 Kxd6 38. Nxd5+ Kxd5 39.
Qb5+ Kxd4 40. Ng6 Rd8 41. Qb6+ Ke4 42. Qxd8 Bxb2 43. Qxc8 1-0

[Event "*** SCC Grand Prix: Titled Tuesday Blitz"]
[Site "Chess.com"]
[Date "2020.10.06"]
[Round "1"]
[White "ferch1ni"]
[Black "mirceaparligras"]
[Result "1-0"]
[WhiteElo "2377"]
[BlackElo "2659"]
[TimeControl "180+1"]
[EndTime "10:07:36 PDT"]
[Termination "ferch1ni won by checkmate"]

1. e4 c5 2. Nf3 d6 3. d4 cxd4 4. Nxd4 Nf6 5. Bd3 Nc6 6. Nb3 g6 7. O-O Bg7 8. c3 O-O 9. Bg5 b6 10. N1d2 Bb7 11. Qe2 Nd7 12. Rae1 Nc5 13. Bb1 Ba6 14. c4 Bxb2 15. f4 Bg7 16. Kh1 Rc8 17. f5 Ne5 18. h4 Na4 19. Qe3 Nxc4 20. Nxc4 Rxc4 21. e5 Bxe5 22. fxg6 fxg6 23. h5 Rc3 24. Rxf8+ Qxf8 25. Qe4 Rc4 26. Qd5+ Qf7 27. Qa8+ Rc8 28. Qxa7 Bb5 29. Be4 Nc5 30. Nxc5 bxc5 31. Qb7 Qe8 32. Bd5+ Kh8 33. Bxe7 Bg7 34. Re4 Rb8 35. Qa7 Bd3 36. Re3 Rb1+ 37. Kh2 Bf5 38. Bf6 Qb8 39. Qxg7# 1-0

[Event "*** SCC Grand Prix: Titled Tuesday Blitz"]
[Site "Chess.com"]
[Date "2020.10.06"]
[Round "1"]
[White "Balla_Tamas"]
[Black "Anton_Demchenko"]
[Result "0-1"]
[WhiteElo "2433"]
[BlackElo "2836"]
[TimeControl "180+1"]
[EndTime "10:07:38 PDT"]
[Termination "Anton_Demchenko won by resignation"]

1. e4 e5 2. Nf3 Nc6 3. d4 exd4 4.
Nxd4 Nf6 5. Nxc6 dxc6 6. Qxd8+ Kxd8 7. Bg5 h6 8. Bxf6+ gxf6 9. Nd2 Bc5 10. Nb3 Bb6 11.
O-O-O+ Ke7 12. f3 f5 13. exf5 Bxf5 14. Bd3 Be6 15. Rhe1 Kf6 16. Nd2 Rad8 17. Nc4 Bc5 18. Na5 Bb4 19. Nxb7 Rb8 20. c3 Bxc3 21. bxc3 Rxb7 22.
Rd2 Rhb8 23. Ree2 Rb6 24. Rb2 c5 25. Be4 h5 26. g3 h4 27. f4 hxg3 28. hxg3 Rg8 29.
Re3 Rh8 30. f5 Bc4 31. g4 Rxb2 32. Kxb2 Re8 33. Kc2 Bxa2 34. Kd2 Kg5 35. Bf3 Rxe3 36. Kxe3 a5 37. Bd1 f6 38. Kf3 Bd5+ 39. Kg3 Be4 40. Bb3 Bc6 41. Bc4 a4 42. Ba2 a3 43.
Bb3 Be4 44. Bc4 c6 45. Bb3 Bd5 46. c4 Be4 47. Ba2 Bc2 48. Kf3 Bd1+ 0-1

[Event "*** SCC Grand Prix: Titled Tuesday Blitz"]
[Site "Chess.com"]
[Date "2020.10.06"]
[Round "1"]
[White "canary2016"]
[Black "karwowskikacper"]
[Result "0-1"]
[WhiteElo "1913"]
[BlackElo "2479"]
[TimeControl "180+1"]
[EndTime "10:07:38 PDT"]
[Termination "karwowskikacper won by checkmate"]

1. d4 Nf6 2. c4 e6 3. g3 c5 4. d5 exd5 5. cxd5 d6 6. Bg2 g6 7.
Nf3 Bg7 8. O-O O-O 9. Nc3 a6 10. a4 Re8 11. Bf4 Ne4 12. Nxe4 Rxe4 13. Ra2 Rb4 14. Qd2 Bg4 15. h3 Bxf3 16. Bxf3 Qd7 17. Bg2 a5 18. Qc2 Na6 19. Bd2 Re8 20. Bxb4 Nxb4 21.
Qb3 Nxa2 22. Qxa2 Rxe2 23. Qb3 Rxb2 24. Qc4 Rb4 25. Qe2 Rxa4 26. Rb1 Rb4 27. Re1 a4 28. Qd3 Bb2 29. Kh2 a3 30. h4 a2 31. Bh3 Qd8 32. Qd2 a1=Q 33. Rxa1 Bxa1 34. Qh6 Bg7 35. Qe3 h5 36.
Qa3 Qf6 37. Qe3 Rb2 38. Kg2 Kh7 39. Bd7 Qd4 40. Qf3 b5 41. Qxf7 Qf6 42. Be6 Qxf7 43.
Bxf7 Rd2 44. Kg1 b4 45. Be8 b3 46. Bb5 b2 47. Kg2 b1=Q 48. Bc4 Qe4+ 49. Kh2 Qxc4 50. Kg2 Qe2 51. Kh1 Qxf2 52. g4 Qh2# 0-1

[Event "*** SCC Grand Prix: Titled Tuesday Blitz"]
[Site "Chess.com"]
[Date "2020.10.06"]
[Round "1"]
[White "Sergey85Rodchenkov"]
[Black "Konavets"]
[Result "0-1"]
[WhiteElo "2470"]
[BlackElo "3004"]
[TimeControl "180+1"]
[EndTime "10:07:39 PDT"]
[Termination "Konavets won by resignation"]

1. e4 c6 2. d4 d5 3. exd5 cxd5 4. c4 Nc6 5. Nc3 e6 6. Nf3 Nf6 7. Bg5 Be7 8. Rc1 O-O 9. a3 b6 10. Bd3 dxc4 11. Bxc4 Bb7 12. O-O Rc8 13. Qd3 Qd6 14.
Ba2 Rfd8 15. Rfd1 Ng4 16. Ne4 Qb8 17. h3 Nxd4 18. Rxc8 Nxf3+ 19. gxf3 Rxc8 20. hxg4 Bxe4 21. Qxe4 Bxg5 22. Kg2 g6 23. Rd7 Qf4 24. Qxf4 Bxf4 25. Rxa7 Rc2 26. Kf1 Rxb2 27. Bc4 b5 28. Be2 Bd6 29.
Rb7 Bxa3 30. Rxb5 Rc2 31. Ra5 Bd6 32. Bd3 Rd2 33. Be2 Kg7 34. Rb5 Ra2 35. Rb3 Ra1+ 36. Kg2 Re1 37. Rb2 Be5 38. Rc2 Kf6 39. Bc4 Rb1 40.
Bd3 Bd4 41. Be4 Rb4 42. Bd3 Be5 43. Be4 Rd4 44. Bc6 Rd8 45. Bb5 Kg5 46. Ba4 h5 47. Rc5 Kf4 48. gxh5 gxh5 49. Rc4+ Bd4 50. Bc2 Rg8+ 51.
Kh3 e5 52. Be4 f5 53. Bd5 Rd8 54. Bf7 Kxf3 55. Bxh5+ Kxf2 56. Kh4 Rh8 57. Kg5 f4 58. Bg6 f3 59. Rc2+ Kg3 60. Be4 f2 61. Rc1 Be3+ 0-1

[Event "*** SCC Grand Prix: Titled Tuesday Blitz"]
[Site "Chess.com"]
[Date "2020.10.06"]
[Round "1"]
[White "Leonid_Starozhilov"]
[Black "Ladislav1969"]
[Result "1-0"]
[WhiteElo "2683"]
[BlackElo "2359"]
[TimeControl "180+1"]
[EndTime "10:07:39 PDT"]
[Termination "Leonid_Starozhilov won by resignation"]

1. e4 c5 2. Nf3 e6 3. b3 Nc6 4.
Bb5 Nge7 5. Bb2 a6 6. Bxc6 Nxc6 7.
O-O d6 8. d4 cxd4 9. Nxd4 Bd7 10. c4 Rc8 11. Nc3 Be7 12. a4 O-O 13. Nxc6 Bxc6 14.
Qd3 Qb6 15. Qd1 Rfd8 16. Re1 Bf6 17. a5 Qc7 18. Qd2 Rd7 19. h3 Rcd8 20. Nd5 exd5 21. Bxf6 gxf6 22. exd5 Re7 23. dxc6 Rxe1+ 24. Rxe1 Qxc6 25.
Re3 Kh8 26. Re7 Rg8 27. Qd5 Qxd5 28. cxd5 Rc8 29. Rxb7 Rc1+ 30. Kh2 Rc5 31. b4 Rxd5 32.
Rxf7 Rf5 33. Rd7 Rxf2 34. Rxd6 Rb2 35. Rxf6 Rxb4 36. Rxa6 Kg7 37. Rb6 Ra4 38. a6 Kf7 39. g4 Kg7 40. Kg2 Ra3 41. h4 Kf7 42. g5 Kg7 43. h5 Kf7 44. Rb7+ Kg8 45. a7 Ra2+ 46. Kf1 Rxa7 47. Rxa7 1-0

[Event "*** SCC Grand Prix: Titled Tuesday Blitz"]
[Site "Chess.com"]
[Date "2020.10.06"]
[Round "1"]
[White "RobertoJBM"]
[Black "Region_07"]
[Result "1-0"]
[WhiteElo "2730"]
[BlackElo "2377"]
[TimeControl "180+1"]
[EndTime "10:07:40 PDT"]
[Termination "RobertoJBM won on time"]

1. d4 d5 2. c4 Nc6 3. cxd5 Qxd5 4. e3 e5 5. Nc3 Bb4 6. Bd2 Bxc3 7. Bxc3 exd4 8. Ne2 Nge7 9. Nxd4 O-O 10. Nxc6 Qxc6 11. Rc1 Qe4 12. Qd4 Qxd4 13. Bxd4 c6 14. Bc4 Nf5 15.
Bc5 Re8 16. O-O Be6 17. Bxe6 Rxe6 18. Rfd1 b6 19. Ba3 c5 20. b4 cxb4 21. Bxb4 a5 22.
Ba3 h6 23. Rc7 Ree8 24. g4 Nh4 25. Rdd7 Rad8 26. Kf1 Rxd7 27. Rxd7 Nf3 28. h3 Ne5 29. Rc7 Re6 30. Bb2 Nd3 31. Bd4 b5 32. h4 Ne5 33.
Rc5 Nxg4 34. Rxb5 a4 35. Ra5 Rc6 36. Bc5 Nf6 37. f3 Nd5 38. Kf2 Nc3 39. a3 g5 40.
hxg5 hxg5 41. Bb4 Nd1+ 42. Ke2 Rc1 43. Rxg5+ Kh7 44. Kd2 Rb1 45. Rg1 1-0

[Event "*** SCC Grand Prix: Titled Tuesday Blitz"]
[Site "Chess.com"]
[Date "2020.10.06"]
[Round "1"]
[White "Tash_Boy"]
[Black "ferdipy"]
[Result "0-1"]
[WhiteElo "2666"]
[BlackElo "2372"]
[TimeControl "180+1"]
[EndTime "10:07:40 PDT"]
[Termination "ferdipy won by resignation"]

1. e4 e6 2. d4 d5 3. e5 c5 4. c3 Nc6 5. a3 Qb6 6. Nf3 Bd7 7. b4 cxd4 8. cxd4 Rc8 9. Be2 Nge7 10. O-O Nf5 11. Be3 Be7 12. Nbd2 O-O 13. Nb3 a5 14. b5 Na7 15. a4 Nxe3 16. fxe3 Rc3 17. Bd3 Qd8 18.
Rb1 Nc8 19. Qd2 Bb4 20. Qe2 Nb6 21. e4 f6 22. exf6 gxf6 23. Nc5 Bxc5 24. dxc5 Nxa4 25.
exd5 exd5 26. Qd2 Rxc5 27. Qh6 Qe7 28. Ng5 Qe3+ 29. Kh1 Qxd3 30. Rbe1 Qg6 31. Qh4 fxg5 32. Qxa4 Rxf1+ 33. Rxf1 Bxb5 34. Qa3 b6 35. Re1 Rc8 36. Qb3 Bc4 37. Qh3 Re8 38. Rd1 Qe6 39. Qg3 h6 40. h4 Qe5 41. Qg4 Be2 42. Qh5 Bxh5 43. hxg5 0-1

[Event "*** SCC Grand Prix: Titled Tuesday Blitz"]
[Site "Chess.com"]
[Date "2020.10.06"]
[Round "1"]
[White "Moultino06"]
[Black "ajdemipopushi"]
[Result "1/2-1/2"]
[WhiteElo "2655"]
[BlackElo "2351"]
[TimeControl "180+1"]
[EndTime "10:07:40 PDT"]
[Termination "Game drawn - insufficient material"]

1. c4 c5 2. Nf3 g6 3. d4 Bg7 4.
Nc3 cxd4 5. Nxd4 Nc6 6. Nc2 Bxc3+ 7. bxc3 Nf6 8. f3 d6 9. e4 Qa5 10. Qd2 Be6 11. Ne3 Rc8 12. Nd5 Bxd5 13. cxd5 Ne5 14.
Rb1 Qxc3 15. Qxc3 Rxc3 16. Bb2 Rc7 17. Bb5+ Ned7 18. e5 dxe5 19. Bxe5 Rc5 20. Bxd7+ Kxd7 21. Rxb7+ Kc8 22. Rb8+ Kd7 23. Rb7+ Kc8 24. Rxe7 Nxd5 25. Bxh8 Nxe7 26. O-O Rc2 27. a4 Nf5 28. Re1 Nh4 29. Re7 Rxg2+ 30. Kf1 Rxh2 31. Rxa7 Nxf3 32. Rxf7 Nd2+ 33.
Ke1 Ne4 34. Be5 Rh5 35. Bf4 Rf5 36. Rxf5 gxf5 37. Ke2 Kb7 38. Ke3 Kc6 39. Kd4 h5 40. Ke5 Nd6 41. Ke6 Nc4 42. Kxf5 Nb2 43. Kg5 Nxa4 44. Kxh5 1/2-1/2

[Event "*** SCC Grand Prix: Titled Tuesday Blitz"]
[Site "Chess.com"]
[Date "2020.10.06"]
[Round "1"]
[White "MPGM"]
[Black "MrTattaglia"]
[Result "0-1"]
[WhiteElo "2449"]
[BlackElo "2873"]
[TimeControl "180+1"]
[EndTime "10:07:41 PDT"]
[Termination "MrTattaglia won by resignation"]

1. e4 c5 2. Nf3 Nc6 3. Bb5 d6 4. O-O Bd7 5. Re1 a6 6. Bf1 Nf6 7. c3 Bg4 8. h3 Bxf3 9. Qxf3 g6 10. Qd1 Bg7 11. d4 O-O 12. d5 Ne5 13. a4 Re8 14. Na3 Rb8 15. f4 Ned7 16. Nc4 Rf8 17. a5 Ne8 18. e5 Ra8 19. e6 fxe6 20. dxe6 Ndf6 21. Nb6 Rb8 22. Bc4 Nc7 23. Be3 Kh8 24. Bf2 Na8 25. Nd5 Nxd5 26. Bxd5 Nc7 27. g3 b5 28. Bg2 b4 29. Qd2 bxc3 30. bxc3 Rb3 31. Rac1 Qb8 32. Qd3 Qb5 33. Qxb5 Nxb5 34. Bb7 Nxc3 35.
Bxa6 Ra3 36. Bc4 Rxa5 37. Kg2 Ra4 38. Bd3 Ra2 39. Rc2 Ra3 40. Bf1 Nd5 41. Rd1 Ne3+ 42. Bxe3 Rxe3 43. Re2 Rxe2+ 44. Bxe2 Rb8 45. Bf3 Rb2+ 46.
Kf1 Bd4 47. Bg4 Rf2+ 48. Ke1 Rg2 49. Rd3 Kg7 50. Rb3 h5 51. Be2 Kf6 52. Bf1 Rh2 53.
g4 hxg4 54. hxg4 Kxe6 55. Bc4+ Kf6 56. Bd5 Rh4 57. g5+ Kf5 58. Ke2 Rxf4 59. Rf3 Rxf3 60. Kxf3 Kxg5 61. Ke4 Kf6 62. Bc4 e6 63. Be2 d5+ 64.
Kf3 g5 65. Bf1 Be5 66. Bh3 Bf4 67. Bg4 c4 68. Kg2 e5 69. Be2 e4 70. Kf2 c3 71.
Kg2 0-1

[Event "*** SCC Grand Prix: Titled Tuesday Blitz"]
[Site "Chess.com"]
[Date "2020.10.06"]
[Round "1"]
[White "GiantThresher"]
[Black "DishonorOnYourCow"]
[Result "1-0"]
[WhiteElo "2781"]
[BlackElo "2400"]
[TimeControl "180+1"]
[EndTime "10:07:41 PDT"]
[Termination "GiantThresher won by resignation"]

1. e4 c5 2. Nf3 d6 3. Bb5+ Nd7 4. Ba4 a6 5. c4 Nf6 6. O-O g6 7. Nc3 Bg7 8. d3 O-O 9. h3 Rb8 10. Rb1 Ne5 11. Nh2 Bd7 12. f4 Nc6 13. Be3 Nd4 14. Bxd7 Nxd7 15. Ne2 b5 16. b3 e6 17.
Nxd4 cxd4 18. Bd2 Nc5 19. Qe2 d5 20. cxd5 exd5 21. e5 Qd7 22. Nf3 Ne6 23. f5 gxf5 24. Nh4 Qc7 25. Rbe1 f4 26. Nf5 f6 27. Nxg7 Qxg7 28.
Qf3 fxe5 29. Qxd5 Rbe8 30. Rxe5 f3 31. Rxf3 Rxf3 32. Rg5 Rf7 33. Rxg7+ Rxg7 34. Bf4 Rf7 35. Be5 Nf8 36. Bxd4 Ne6 37. Kh2 Rfe7 38. Bb2 Rd8 39. Qe5 Kf7 40. Qf6+ Ke8 41. Ba3 Rdd7 42. Bxe7 Rxe7 43.
d4 Nd8 44. Qxa6 Nf7 45. Qxb5+ Rd7 46. a4 1-0

[Event "*** SCC Grand Prix: Titled Tuesday Blitz"]
[Site "Chess.com"]
[Date "2020.10.06"]
[Round "1"]
[White "LogoCzar"]
[Black "TimofeevAr"]
[Result "0-1"]
[WhiteElo "2436"]
[BlackElo "2848"]
[TimeControl "180+1"]
[EndTime "10:07:42 PDT"]
[Termination "TimofeevAr won on time"]

1. e4 c5 2. Nf3 d6 3. d4 cxd4 4.
Nxd4 Nc6 5. c4 Nf6 6. Nc3 e6 7. Be2 Be7 8. Be3 O-O 9. O-O a6 10. Qd2 Qc7 11. Rac1 Nxd4 12. Qxd4 Bd7 13. f4 e5 14. Qd3 Rac8 15. f5 h6 16. Kh1 Qb8 17. g4 Bc6 18. h4 Nh7 19. g5 hxg5 20. hxg5 Bxg5 21. Rg1 f6 22. Nd5 Rf7 23. Bh5 Rd7 24.
Bg6 Bxe3 25. Nxe3 Ng5 26. Nd5 b5 27. Kg2 Qb7 28. cxb5 axb5 29. Qb3 Kf8 30. Rh1 Bxd5 31. Qxd5 Ke7 32. Rxc8 Qxc8 33. Rd1 Qc5 34. Qd3 Rc7 35. Rd2 b4 36. b3 d5 37. Qxd5 Qxd5 38. exd5 Kd6 39.
Kg3 Ne4+ 40. Kg4 Nxd2 41. Kh5 Kxd5 42. Be8 e4 43. Kg6 e3 44. a4 e2 0-1

[Event "*** SCC Grand Prix: Titled Tuesday Blitz"]
[Site "Chess.com"]
[Date "2020.10.06"]
[Round "1"]
[White "MidnightFox"]
[Black "GmSergioBarrientos"]
[Result "0-1"]
[WhiteElo "2361"]
[BlackElo "2691"]
[TimeControl "180+1"]
[EndTime "10:07:43 PDT"]
[Termination "GmSergioBarrientos won by checkmate"]

1. e4 c5 2. Nf3 d6 3. Bb5+ Nd7 4. Ba4 a6 5. c3 b5 6. Bc2 Bb7 7. O-O Ngf6 8. Re1 e5 9. d4 Be7 10. d5 O-O 11. Nbd2 c4 12. Nf1 Re8 13. h3 Bf8 14. g4 Nc5 15. Ng3 g6 16. g5 Nfd7 17. Nh2 Bg7 18. h4 a5 19. h5 b4 20. h6 Bf8 21. Ng4 Be7 22. Qd2 Rf8 23. Qe3 Ba6 24. Bd2 Rb8 25. Rab1 f6 26. gxf6 Nxf6 27. Nxf6+ Bxf6 28. Nf1 Qd7 29. Nh2 Rf7 30. Qg3 Rbf8 31. Ng4 Qe7 32.
Nxf6+ Qxf6 33. Be3 Qe7 34. Rf1 Rf3 35. Qg4 Bc8 36.
Qg5 Qxg5+ 37. Bxg5 Bh3 38. Be7 Bxf1 39. Rxf1 bxc3 40. Bxd6 Nd3 41. Bxf8 Kxf8 42. bxc3 Nf4 43. Ba4 Rxc3 44. Rb1 Rc1+ 45. Rxc1 Ne2+ 46. Kf1 Nxc1 47. a3 Ke7 48. Ke1 Nd3+ 49. Ke2 g5 50. f3 Kd6 51.
Kd2 Nc5 52. Be8 g4 53. Ke3 g3 54. Bg6 c3 55. Bxh7 c2 56. Kd2 g2 57. Bg6 c1=Q+ 58.
Kxc1 g1=Q+ 59. Kd2 Qh2+ 60. Kc3 Qxh6 61. Kc4 Qxg6 62.
a4 Qg3 63. Kb5 Qxf3 64. Kxa5 Qxe4 65. Kb6 Qb4+ 66. Ka7 Qb7# 0-1

[Event "*** SCC Grand Prix: Titled Tuesday Blitz"]
[Site "Chess.com"]
[Date "2020.10.06"]
[Round "1"]
[White "MFBerna"]
[Black "Harry_Rakkel"]
[Result "0-1"]
[WhiteElo "2284"]
[BlackElo "2585"]
[TimeControl "180+1"]
[EndTime "10:07:43 PDT"]
[Termination "Harry_Rakkel won by resignation"]

1. e4 c5 2. Nf3 d6 3. d4 cxd4 4. Nxd4 Nf6 5. Nc3 e6 6. Be2 a6 7. O-O Be7 8. f4 O-O 9. Kh1 Nc6 10. Be3 Bd7 11. Nb3 b5 12. Bf3 Qc7 13. Qe2 Rfc8 14. a3 Rab8 15. Rad1 Be8 16. Qf2 a5 17. Rd2 b4 18. axb4 Nxb4 19. Nc1 a4 20. Nd3 a3 21. bxa3 Nxd3 22. Rxd3 Rb2 23. Bc1 Rbb8 24. Rfd1 Nd7 25. Be3 Nb6 26. Bc1 Nc4 27. a4 Nb2 28. Bxb2 Rxb2 29.
f5 Bf6 30. Ne2 Be5 31. fxe6 fxe6 32. Bg4 Bf7 33. Qf3 Rxc2 34. Qh3 Re8 35. Ng3 Qc4 36.
Rf3 Rc1 37. Rff1 Bxg3 38. hxg3 Qxf1+ 39. Rxf1 Rxf1+ 40. Kh2 Rf6 41. Kg1 Rh6 42. Bh5 Rxh5 43. Qg4 Ra5 44. Qd1 d5 45. e5 Rea8 46. Qd2 Rxa4 47.
Kh2 Rg4 48. Qg5 Rxg5 0-1

[Event "*** SCC Grand Prix: Titled Tuesday Blitz"]
[Site "Chess.com"]
[Date "2020.10.06"]
[Round "1"]
[White "26andrej26"]
[Black "kngopal"]
[Result "0-1"]
[WhiteElo "2524"]
[BlackElo "2224"]
[TimeControl "180+1"]
[EndTime "10:07:43 PDT"]
[Termination "kngopal won by checkmate"]

1. e4 c5 2. Nf3 d6 3. d4 cxd4 4. Nxd4 Nf6 5. Nc3 e6 6. Bc4 Be7 7. Bb3 O-O 8. Be3 a6 9. O-O b5 10. f4 Bb7 11. e5 dxe5 12. fxe5 Nfd7 13. Qh5 Qc7 14. Rxf7 Rxf7 15. Bxe6 Nxe5 16. Rf1 Bf6 17. Nd5 Bxd5 18. Bxd5 Ra7 19. Ne6 Qd7 20. Bb3 Rb7 21.
Nc5 Qc6 22. Nxb7 Qxb7 23. Be6 Nbc6 24. Bf4 Qe7 25. Bd5 Qc5+ 26. Kh1 Qxd5 27. h3 g6 28. Qe2 Qc4 29. Qe1 Qxc2 30. Rf2 Qc5 31. Re2 Re7 32. Qd1 Qd4 33. Qf1 Nb4 34. Rd2 Qe4 35.
Rd8+ Kf7 36. Bh6 Nd7 37. Kh2 Qe5+ 38. Bf4 Qf5 39. Qf3 Be5 40. Bxe5 Nxe5 41. Qa8 Qf4+ 42. Kg1 Qe3+ 43. Kh2 Ng4+ 44. hxg4 Qf4+ 45. g3 Re2+ 46. Kh3 Qh6# 0-1

[Event "*** SCC Grand Prix: Titled Tuesday Blitz"]
[Site "Chess.com"]
[Date "2020.10.06"]
[Round "1"]
[White "WildTricks"]
[Black "RaunakSadhwani2005"]
[Result "0-1"]
[WhiteElo "2460"]
[BlackElo "2914"]
[TimeControl "180+1"]
[EndTime "10:07:45 PDT"]
[Termination "RaunakSadhwani2005 won by resignation"]

1. e4 g6 2. d4 Bg7 3. Nf3 d6 4. Bc4 Nf6 5. Qe2 Nc6 6. e5 dxe5 7. dxe5 Ng4 8. Bf4 Nd4 9. Qe4 Nxf3+ 10. gxf3 Nh6 11.
Nc3 c6 12. h4 Nf5 13. h5 Be6 14. Bxe6 fxe6 15. h6 Bf8 16. Qc4 Qd4 17. Qxd4 Nxd4 18. O-O-O Nf5 19. Ne4 b6 20. Ng5 Bxh6 21. Rxh6 Nxh6 22.
Nxe6 Kf7 23. Nc7 Rac8 24. e6+ Kf6 25. Re1 g5 26. Be5+ Kg6 27. Bxh8 Rxh8 28. Rd1 Nf5 29. Rd7 h5 30. Na6 h4 31. Rd1 h3 32. Nb4 h2 33.
Rh1 Nd4 34. Nd3 Nxf3 35. Kd1 Kf5 36. Ke2 g4 37. Ne1 Nxe1 38. Kxe1 Kxe6 39. Kf1 Kf5 40.
Kg2 Kf4 41. Re1 h1=Q+ 42. Rxh1 Rxh1 43. Kxh1 Kf3 44. Kg1 g3 45. fxg3 Kxg3 46. Kf1 Kf3 47.
Ke1 Ke3 48. Kd1 e5 49. Ke1 e4 50. Kd1 Kf2 0-1